 Dungeon Crawl Stone Soup version 0.31-a0-182-gc5ef74bbde (webtiles) character file.

Game seed: 6603167656751072815

2520 senseless the Trooper (level 9, 0/69 (70) HPs)
             Began as a Demonspawn Gladiator on June 21, 2023.
             Slain by a wight
             ... wielding a +5 flail
              (11 damage)
             ... on level 8 of the Dungeon.
             The game lasted 00:17:30 (6630 turns).

senseless the Trooper (Demonspawn Gladiator)        Turns: 6630, Time: 00:17:31

HP:   0/69 (70)     AC:  5    Str: 22    XL:     9   Next: 29%
MP:   0/9           EV: 15    Int:  9    God:
Gold: 465           SH: 10    Dex: 18    Spells: 8/8 levels left

rFire   . . .        a - +1 long sword
rCold   . . .        i - +0 buckler
rNeg    . . .        l - +1 robe {Will+}
rPois   .            (helmet restricted)
rElec   .            (no cloak)
rCorr   .            (no gloves)
SInv    .            (no boots)
Will    +....        m - amulet of guardian spirit
Stlth   ++           h - +6 ring of strength
HPRegen 0.31/turn    (no ring)
MPRegen 0.11/turn

%: guardian spirit
@: lethally poisoned (0 -> -3), lightly drained
A: antennae 2, foul stench 2, sharp scales 2, condensation shield
a: no special abilities


You were on level 8 of the Dungeon.
You visited 2 branches of the dungeon, and saw 9 of its levels.

You collected 555 gold pieces.
You spent 90 gold pieces at shops.

Inventory:

Hand Weapons
 a - a +1 long sword (weapon)
 b - the +8 sling of Rotation {elec, rElec rC+ Dex-3}
   (You found it on level 6 of the Dungeon)

   Dex:       It affects your dexterity (-3).
   rC:        It protects you from cold.
   rElec:     It insulates you from electricity.
 n - the +5 whip "Iqunuesmem" {drain, *Slow rC+ Int+4 SInv}
   (You found it on level 3 of the Dungeon)

   Int:       It affects your intelligence (+4).
   rC:        It protects you from cold.
   SInv:      It lets you see invisible.
   *Slow:     It may slow you when you take damage.
 w - a +3 dagger
 A - a +2 mace
Missiles
 d - 3 throwing nets (quivered)
 e - 3 javelins
Armour
 i - a +0 buckler (worn)
 l - a +1 robe of willpower (worn)
 p - a +0 tower shield
 x - +0 swamp dragon scales
Jewellery
 h - a +6 ring of strength (left hand)
 m - an amulet of guardian spirit (around neck)
Wands
 s - a wand of charming (23)
 z - a wand of iceblast (1)
Scrolls
 f - 2 scrolls of fog
 g - a scroll of vulnerability
 u - a scroll of poison
 v - a scroll of fear
Potions
 c - a potion of might
 j - a potion of brilliance
 k - 5 potions of mutation
 o - 5 potions of curing
 q - 2 potions of attraction
 r - 4 potions of heal wounds
 t - a potion of enlightenment


   Skills:
 + Level 6.3 Fighting
 + Level 6.1 Long Blades
 + Level 3.3 Ranged Weapons
 - Level 1.7 Throwing
 + Level 6.1 Dodging
 + Level 5.2 Shields


You had 8 spell levels left.
You didn't know any spells.
Your spell library contained the following spells:

 Spells                   Type           Power      Damage    Failure   Level
 Summon Small Mammal      Summ           0%         N/A       43%         1
 Lesser Beckoning         Tloc           0%         N/A       58%         2
 Call Canine Familiar     Summ           0%         N/A       82%         3
 Dazzling Flash           Conj/Hex       0%         N/A       82%         3
 Gell's Gravitas          Tloc           0%         N/A       82%         3
 Ozocubu's Armour         Ice            0%         N/A       82%         3
 Summon Guardian Golem    Hex/Summ       0%         N/A       82%         3
 Teleport Other           Tloc           0%         N/A       82%         3
 Volatile Blastmotes      Fire/Tloc      0%         2d10      82%         3
 Iskenderun's Mystic Bla  Conj/Tloc      0%         2d3       99%         4
 Passage of Golubria      Tloc           0%         N/A       99%         4
 Metabolic Englaciation   Hex/Ice        0%         N/A       100%        5
 Silence                  Hex/Air        0%         N/A       100%        5
 Simulacrum               Ice/Necr       0%         N/A       100%        6
 Starburst                Conj/Fire      0%         6d3       100%        6
 Lehudib's Crystal Spear  Conj/Erth      0%         10d2      100%        8


Dungeon Overview and Level Annotations

Branches:
Dungeon (8/15)             Temple (1/1) D:6
   Lair: D:8-11

Altars:
Ashenzari
Dithmenos
Fedhas
Gozag
Hepliaklqana
Kikubaaqudgha
Nemelex Xobeh
Sif Muna
Trog
Uskayaw
Vehumet
Wu Jian
Xom
Yredelemnul

Shops:
D:5 *   D:8 !


Innate Abilities, Weirdness & Mutations

You have a pair of antennae on your head.
You sometimes emit foul miasma when damaged in melee.
You are mostly covered in razor-sharp scales. (AC +2, Slay +2)
A meltable shield of frost defends you. (SH +4)


Message History

A wight comes into view. It is wielding a +0 battleaxe.
The killer bee barely misses you.
You feel sick. You block the killer bee's attack.
You feel sick. You block the killer bee's attack.
You slash the killer bee!
The killer bee is almost dead.
You feel sick. You block the killer bee's attack.
The killer bee barely misses you.
You barely miss the killer bee.
The killer bee is almost dead.
You feel sick. The killer bee stings you. The wight closely misses you.
The killer bee stings you but does no damage.
You block the killer bee's attack. The wight hits you with a +5 flail!
You feel drained.
* * * LOW HITPOINT WARNING * * *
The killer bee attacks as you move away!
The killer bee misses you.
You feel sick.
You are no longer poisoned.
The killer bee stings you.
* * * LOW HITPOINT WARNING * * *
You emit a cloud of foul miasma!
The killer bee attacks as you move away!
The killer bee closely misses you.
The killer bee is engulfed in dark miasma.
The killer bee is poisoned.
The killer bee seems to slow down.
You block the killer bee's attack.
The killer bee is no longer moving slowly.
The killer bee closely misses you. You block the killer bee's attack.
The killer bee attacks as you move away!
The killer bee barely misses you.
The killer bee attacks as you move away!
The killer bee stings you.
* * * LOW HITPOINT WARNING * * *
You are poisoned.
The killer bee poisons you!
You emit a cloud of foul miasma!
You feel sick.
You kill the killer bee!
You block the killer bee's attack.
You feel sick. You block the killer bee's attack.
The wight attacks as you move away! The wight hits you with a +5 flail!
You die...

#### #.#..# ..###.#<##
..#######.#...#.#
..#.....#.#.###.#
.!..........###.#
............##..####
...................#
...................#
.........@.........)#
. .......zyy.........#
..........z..........#
....)....§...........#
....#......#####.#####
#....##○g# ..#
.##....#.Y.# ##
.........#..#
###...$.###.#


You could see a yak, 2 killer bees, 2 wights and a gnoll.

Vanquished Creatures
  Maggie (D:7)
  Sigmund (D:3)
  Duvessa (D:7)
  3 black bears
  An orc warrior (D:6)
  2 centaurs (D:6)
  A kobold brigand (D:7)
  2 scorpions
  3 wights (D:7)
  Dowan (D:7)
  2 killer bees (D:8)
  3 jellies
  5 orc priests
  A gnoll bouda (D:7)
  5 hounds
  4 iguanas
  9 orc wizards
  7 gnolls (D:7)
  10 adders
  An ufetubus (D:4)
  A worm (D:3)
  A dart slug (D:5)
  18 orcs
  4 ball pythons
  5 endoplasms
  3 giant cockroaches
  4 goblins
  3 hobgoblins
  5 quokkas
  5 bats
  A frilled lizard (D:1)
  15 kobolds
  7 rats
135 creatures vanquished.

Notes
Turn   | Place    | Note
-------+----------+-------------------------------------------
     0 | D:1      | senseless the Demonspawn Gladiator began the quest for the
                  | Orb.
     0 | D:1      | Reached XP level 1. HP: 16/16 MP: 1/1
   251 | D:1      | Gained mutation: A meltable shield of frost defends you.
                  | (SH +4) [demonic ancestry]
   251 | D:1      | Reached XP level 2. HP: 22/22 MP: 2/2
   807 | D:2      | Gained mutation: You are partially covered in razor-sharp
                  | scales. (AC +1, Slay +1) [demonic ancestry]
   807 | D:2      | Reached XP level 3. HP: 20/28 MP: 3/3
  1082 | D:2      | Reached skill level 1 in Shields
  1476 | D:3      | Noticed Sigmund
  1477 | D:3      | Noticed a scorpion
  1589 | D:3      | Gained mutation: You have a pair of small antennae on your
                  | head. [demonic ancestry]
  1589 | D:3      | Reached XP level 4. HP: 30/34 MP: 4/4
  1612 | D:3      | Killed Sigmund
  1613 | D:3      | Reached XP level 5. HP: 31/41 MP: 5/5
  1711 | D:3      | Gained mutation: You may rarely emit foul miasma when
                  | damaged in melee. [demonic ancestry]
  1711 | D:3      | Reached XP level 6. HP: 29/48 MP: 6/6
  2018 | D:3      | Identified the +5 whip "Iqunuesmem" {drain, *Slow rC+ Int+4
                  | SInv}
  2969 | D:4      | Found an ornate altar of the Wu Jian Council.
  2972 | D:4      | Found a radiant altar of Vehumet.
  3177 | D:4      | Gained mutation: You are mostly covered in razor-sharp
                  | scales. (AC +2, Slay +2) [demonic ancestry]
  3177 | D:4      | Reached XP level 7. HP: 37/54 MP: 4/7
  3274 | D:5      | Entered Level 5 of the Dungeon
  3337 | D:5      | Found an opulent altar of Gozag.
  3343 | D:5      | Found Gozag's Platinum Reserve.
  3675 | D:5      | Found Zin's Purification Station.
  3683 | D:5      | Bought a potion of curing for 90 gold pieces
  4555 | D:6      | Identified the +8 sling of Rotation {elec, rElec rC+ Dex-3}
  4657 | D:6      | Reached skill level 5 in Fighting
  4657 | D:6      | Reached skill level 5 in Long Blades
  4670 | D:6      | Found a staircase to the Ecumenical Temple.
  4676 | D:6      | Gained mutation: You sometimes emit foul miasma when
                  | damaged in melee. [demonic ancestry]
  4676 | D:6      | Reached XP level 8. HP: 44/62 MP: 5/8
  4684 | D:6      | Reached skill level 1 in Ranged Weapons
  4684 | D:6      | Reached skill level 5 in Dodging
  4863 | D:6      | Identified the +1 helmet of the Original Sin {Rampage}
  5481 | Temple   | Entered the Ecumenical Temple
  5898 | D:7      | Found a shimmering altar of Xom.
  5943 | D:7      | Noticed Maggie
  5951 | D:7      | Killed Maggie
  5952 | D:7      | Gained mutation: You have a pair of antennae on your head.
                  | [demonic ancestry]
  5952 | D:7      | Reached XP level 9. HP: 44/69 MP: 5/9
  6176 | D:7      | Reached skill level 5 in Shields
  6416 | D:7      | Noticed Duvessa
  6416 | D:7      | Noticed Dowan
  6423 | D:7      | Killed Duvessa
  6424 | D:7      | Killed Dowan
  6611 | D:8      | Found Luogoi's Distillery.
  6630 | D:8      | Slain by a wight

Illustrated notes

Levels and vault maps discovered:
D:1:      minmay_arrival_floating_metal, layout_rooms
D:2:      minmay_general_purpose_star, layout_basic
D:3:      layout_basic, uniq_sigmund
D:4:      layout_rooms, nicolae_overflow_squiral
D:5:      layout_loops_corners, zin_purify, nicolae_gozag_zags_fifth_avenue
D:6:      layout_gridville, minmay_temple_entry_proselytizer, kennysheep_boxes
D:7:      layout_loops_ring, mainiacjoe_overflow_cross_hatched,
          grunt_ministairs_12, uniq_maggie, uniq_duvessa
D:8:      minmay_angry_zag, layout_rooms, kennysheep_mini_moat, serial_shops,
          nicolae_shop_industrial_runoff, chequers_serial_rivers_large_b,
          nicolae_grassy_gnolls
Temple:   nicolae_temple_ecumenical_triangle

Skill      XL: |  1  2  3  4  5  6  7  8  9 |
---------------+----------------------------+-----
Long Blades    | 3 4 5 6 |  6.1
Dodging        | 3 4 5 6 |  6.1
Shields        | 1 2 3 4 5 |  5.2
Fighting       | 3 4 5 6 |  6.3
Ranged Weapons | 2 3 |  3.3
Throwing       | |  1.7

Action                     |  1- 3 |  4- 6 |  7- 9 || total
---------------------------+-------+-------+-------++-------
  Melee: Long sword        |   121 |    91 |   194 ||   406
   Fire: Sling             |       |       |    61 ||    61
    Use: Scroll            |    10 |     3 |     8 ||    21
         Potion            |       |     1 |     1 ||     2
   Stab: Sleeping          |     2 |       |     5 ||     7
 Armour: Leather armour    |    44 |     1 |       ||    45
         Robe              |       |    18 |    38 ||    56
  Dodge: Dodged            |    62 |    51 |    82 ||   195
  Block: Buckler           |    52 |    39 |    96 ||   187

Table legend: (Time is in decaauts)
 A = Elapsed time spent in this place.
 B = Non-inter-level travel time spent in this place.
 C = Inter-level travel time spent in this place.
 D = Time resting spent in this place.
 E = Time spent auto-exploring this place.
 F = Levels seen in this place.
 G = Mean time per level.
                   A        B        C        D        E       F      G
               +--------+--------+--------+--------+--------+-----+--------+
         Total |   6733 |   6386 |    347 |      7 |   5233 |   9 |  748.1 |
       Dungeon |   6689 |   6359 |    330 |      7 |   5215 |   8 |  836.1 |
        Temple |     43 |     26 |     17 |      0 |     18 |   1 |   43.0 |
               +--------+--------+--------+--------+--------+-----+--------+

Top non-repeatable levels by time:
     D:5: 1273 daAuts
     D:3: 1056 daAuts
     D:7: 1036 daAuts
     D:6: 983 daAuts
     D:2: 964 daAuts
     D:4: 700 daAuts
     D:1: 617 daAuts
     D:8: 55 daAuts
  Temple: 43 daAuts
